 Dungeon Crawl Stone Soup version 0.30.0-5-g1a98f26d00 (webtiles) character file.

Game seed: 3104714553687778943

4943 Jackthecabe the Eye of the Storm (level 10, -3/92 HPs)
             Began as an Ogre Delver on May 10, 2023.
             Was a Priest of Qazlal.
             Slain by a slime creature (20 damage)
             ... on level 8 of the Dungeon.
             The game lasted 00:28:18 (11635 turns).

Jackthecabe the Eye of the Storm (Ogre Delver)     Turns: 11635, Time: 00:28:19

Health: -3/92      AC:  3    Str: 22    XL:     10   Next: 52%
Magic:  18/18      EV:  9    Int: 11    God:    Qazlal [***...]
Gold:   255        SH:  4    Dex: 10    Spells: 3/9 levels left

rFire   . . .        C - +6 shillelagh "Devastator" {shatter}
rCold   . . .        (no shield)
rNeg    . . .        g - +0 robe {Archmagi}
rPois   .            (helmet restricted)
rElec   .            (no cloak)
rCorr   .            (gloves unavailable)
SInv    .            (boots unavailable)
Will    +....        (no amulet)
Stlth   ++           (no ring)
HPRegen 0.35/turn    (no ring)
MPRegen 0.16/turn

%: archmagi
@: no status effects
A: large, unfitting armour, tough skin 1
a: Renounce Religion, Upheaval, Elemental Force


You were on level 8 of the Dungeon.
You worshipped Qazlal.
Qazlal was most pleased with you.
You visited 1 branch of the dungeon, and saw 9 of its levels.
You also visited: Sewer.

You collected 385 gold pieces.
You spent 130 gold pieces at shops.


Innate Abilities, Weirdness & Mutations

You are too large for most types of armour.
You have tough skin. (AC +1)


   Skills:
 - Level 4.0 Fighting
 * Level 8.8 Maces & Flails
 - Level 1.7 Dodging
 - Level 3.7 Stealth
 + Level 0.3 Spellcasting
 - Level 6.0 Poison Magic
 + Level 10.9 Invocations


You had 3 spell levels left.
You knew the following spells:

 Your Spells              Type           Power      Damage    Failure   Level
o - Olgreb's Toxic Radia  Pois           20%        N/A       28%         4
p - Poisonous Vapours     Pois/Air       20%        N/A       16%         2

Your spell library contained the following spells:

 Spells                   Type           Power      Damage    Failure   Level
 Sting                    Tmut/Pois      40%        1d5       10%         1
 Spider Form              Tmut/Pois      10%        N/A       30%         3
 Beastly Appendage        Tmut           0%         N/A       34%         1
 Magic Dart               Conj           0%         1d3       34%         1
 Slow                     Hex            0%         N/A       34%         1
 Mephitic Cloud           Conj/Pois/Air  6%         N/A       41%         3
 Blink                    Tloc           0%         N/A       45%         2
 Call Imp                 Summ           0%         N/A       45%         2
 Lesser Beckoning         Tloc           0%         N/A       45%         2
 Momentum Strike          Conj/Tloc      0%         3d8       45%         2
 Wereblood                Tmut           0%         N/A       45%         2
 Confusing Touch          Hex            0%         N/A       71%         3
 Vampiric Draining        Necr           0%         2d6       71%         3
 Vhi's Electric Charge    Tloc/Air       0%         N/A       71%         3
 Animate Dead             Necr           0%         N/A       98%         4
 Arcjolt                  Conj/Air       0%         1d10      100%        5
 Borgnjor's Vile Clutch   Necr/Erth      0%         N/A       100%        5
 Death Channel            Necr           0%         N/A       100%        6
 Plasma Beam              Fire/Air       0%         2x1d11    100%        6

Inventory:

Hand Weapons
 a - a +0 mace
 j - a +2 vampiric war axe
 u - a +0 dagger of venom
 C - the +6 shillelagh "Devastator" (weapon) {shatter}
   (You found it on level 5 of the Dungeon)
Missiles
 t - 4 silver boomerangs (quivered)
 y - 20 poisoned darts
 D - 5 large rocks {=f}
Armour
 b - a +0 robe
 g - a +0 robe of the Archmagi (worn)
 h - a +1 robe of willpower
Magical Staves
 I - the staff of air "Taheato" {rElec rCorr, !a}
   (You found it on level 8 of the Dungeon)

   [staff of air]

   Base accuracy: +5 Base damage: 5 Base attack delay: 1.2 This weapon's minimum
   attack delay (0.6) is reached at skill level 12.
   rElec:     It insulates you from electricity.
   rCorr:     It protects you from acid and corrosion.
   It falls into the 'Staves' category.
   It is a one-handed weapon.
Jewellery
 F - a ring of fire
Scrolls
 c - 4 scrolls of fog
 d - 2 scrolls of magic mapping
 e - a scroll of fear
 i - 4 scrolls of teleportation {unknown}
 k - 2 scrolls of poison {unknown}
 m - 4 scrolls of identify {unknown}
 p - a scroll of enchant armour {unknown}
 r - 2 scrolls of brand weapon {unknown}
 w - a scroll of amnesia {unknown}
 E - a scroll of vulnerability {unknown}
 J - a scroll of acquirement {unknown}
Potions
 f - 4 potions of haste {@q3}
 l - 2 potions of lignification
 n - 2 potions of degeneration
 o - a potion of heal wounds {@q2}
 q - 2 potions of attraction {unknown}
 s - 9 potions of curing {@q1}
 v - a potion of brilliance {unknown}
 x - a potion of invisibility {unknown}
 z - 2 potions of flight
 A - a potion of mutation {unknown}
 B - a potion of might {unknown}
 G - a potion of ambrosia {unknown}
 H - 2 potions of magic {unknown}

Dungeon Overview and Level Annotations

Branches:
Dungeon (9/15)             Temple (0/1) D:6            Lair (0/5) D:8
  Sewer (visited)
    Orc: D:9-12

Altars:
Ashenzari
Dithmenos
Elyvilon
Hepliaklqana
Nemelex Xobeh
Qazlal
Ru
Sif Muna
Vehumet

Shops:
D:7 [   D:9 !

Annotations:
D:4 3 runed translucent doors, sirJeffrey23's ghost, amateur MfGl

##### ##......[..†~≈≈≈≈~~~..~
##...## ##...[.)[.~~≈~~~.~....
##.....## ##.................>.
#.......## ##.......~~~≈~.~....
##.......## ##........≈≈≈~...~.
#........## ##....~~≈≈≈~≈≈~≈.~
#.........## ###....~~~≈≈~~≈~~~
##.........###.J......≈~..~~≈≈≈
#............@J○....~......~≈.
##..........####...........~..
####............#
#.##..........#
...............##
#.............#
.[#####.......##
#.#...........# ### ##....###
#..##........## ##.###
#..#####......# ### ##.#
#####..# #.# ##..


You could see 2 slime creatures.


Message History

Two slime creatures merge to form a large slime creature.
You climb upwards.
There is a stone staircase leading down here.
You thump the large slime creature!
The large slime creature shudders.
The large slime creature is lightly wounded. x2
You sock the large slime creature!
The large slime creature shudders.
The large slime creature is moderately wounded.
You punch the large slime creature, but do no damage.
The large slime creature is moderately wounded.
A large slime creature splits.
You sock the slime creature!
The slime creatures shudder.
The slime creature is heavily wounded. x3
You block the slime creature's attack.
You completely miss the slime creature.
The slime creature is heavily wounded.
The slime creature hits you. The slime creature hits you!
You barely miss the slime creature.
The slime creature is heavily wounded.
The slime creature barely misses you. The slime creature hits you!
* * * LOW HITPOINT WARNING * * *
You are too injured to fight recklessly!
The slime creature hits you!
* * * LOW HITPOINT WARNING * * *
You are too injured to fight recklessly!
You hit the slime creature.
The slime creatures shudder.
The slime creature is heavily wounded. x3
The slime creature hits you!
* * * LOW HITPOINT WARNING * * *
The slime creature hits you!!
You die...

Skill      XL: |  1  2  3  4  5  6  7  8  9 10 |
---------------+-------------------------------+-----
Maces & Flails | 2 3 4 5 6 7 8 |  8.8
Invocations    | 1 2 3 4 6 9 10 | 10.9
Poison Magic   | 1 4 6 |  6.0
Fighting       | |  4.0
Dodging        | |  1.7
Stealth        | |  3.7
Spellcasting   | |  0.3

Action                     |  1- 3 |  4- 6 |  7- 9 | 10-12 || total
---------------------------+-------+-------+-------+-------++-------
  Melee: Mace              |   111 |   183 |       |       ||   294
         Punch             |     2 |     1 |     1 |     1 ||     5
         Dagger            |       |    30 |       |       ||    30
         Shillelagh        |       |       |   121 |    39 ||   160
  Throw: Dart              |       |     2 |       |       ||     2
         Boomerang         |       |     1 |       |       ||     1
         Large rock        |       |       |       |     3 ||     3
   Cast: Poisonous Vapours |       |       |       |    12 ||    12
         Olgreb's Toxic Ra |       |       |       |     1 ||     1
 Invoke: Upheaval          |       |       |       |     1 ||     1
  Evoke: Wand              |     1 |       |       |     2 ||     3
    Use: Potion            |       |       |     3 |       ||     3
         Scroll            |       |       |       |     1 ||     1
   Stab: Sleeping          |     4 |       |       |       ||     4
 Armour: Robe              |    26 |    65 |    22 |    12 ||   125
  Dodge: Dodged            |    44 |    85 |    64 |    12 ||   205
         Repelled          |       |       |       |     2 ||     2
  Block: Other             |       |     8 |    20 |     8 ||    36

Levels and vault maps discovered:
D:1:      wander_arrival_chamber, layout_basic, basic_ecumenical_altar
D:2:      layout_basic
D:3:      layout_basic, cheibrodos_sewer_entry_bend
D:4:      layout_layer_cave, grunt_qazlal_sundering, gammafunk_ghost_necromancy
D:5:      layout_loops_ring, mainiacjoe_overflow_chevrons,
          lemuel_blue_sif_altar, chequers_serial_rivers_room_b,
          grunt_decor_one_mirror, dilly_guarded_unrand_devastator
D:6:      layout_gridville, mainiacjoe_overflow_alcove_4,
          riverfiend_overflow_shadow_ancestor, temple_pool_b
D:7:      layout_basic, ashenzari_altar_1, nicolae_vehumet_altar_sigil,
          serial_shops, nicolae_shop_waterfront
D:8:      layout_cave_pods, erik_lair_island, serial_column_ruins,
          column_ruins_circle_small, column_ruins_hut_ruined,
          column_ruins_open_tiny, column_ruins_columns_corner,
          column_ruins_grid_1, column_ruins_open_tiny, column_ruins_grid_4,
          minmay_misc_feat_hallway, minmay_ruined_shrine
D:9:      nicolae_cairo_tiling_very_big, layout_basic,
          lemuel_coloured_pillars_altar, serial_shops, shop, enter_bailey_4,
          hangedman_fish_farm

Notes
Turn   | Place    | Note
-------+----------+-------------------------------------------
     0 | D:5      | Jackthecabe the Ogre Delver began the quest for the Orb.
     0 | D:5      | Reached XP level 1. HP: 24/24 MP: 1/1
    41 | D:5      | Noticed an ogre
    82 | D:6      | Noticed a centaur
    90 | D:6      | Noticed a jelly
   115 | D:6      | Identified the +0 pair of gloves of Wu Jian's Regard {Int+3
                  | Dex+5}
   119 | D:6      | Noticed a sky beast
   156 | D:6      | Noticed a sleepcap
   229 | D:5      | Noticed a howler monkey
   549 | D:4      | Reached skill level 2 in Maces & Flails
   579 | D:4      | Found a stormy altar of Qazlal.
   597 | D:4      | Became a worshipper of Qazlal Stormbringer
   671 | D:4      | Noticed an iguana
   721 | D:5      | Found the +6 shillelagh "Devastator" {shatter}
   722 | D:5      | Noticed an ogre
   723 | D:5      | Noticed an ogre
   792 | D:3      | Reached XP level 2. HP: 32/32 MP: 2/2
   998 | D:3      | Reached skill level 1 in Invocations
  1048 | D:3      | Reached XP level 3. HP: 32/39 MP: 3/3
  1148 | D:3      | Found a glowing drain.
  1240 | Sewer    | Entered a sewer
  1320 | Sewer    | Reached skill level 3 in Maces & Flails
  1526 | Sewer    | Reached * piety under Qazlal
  1768 | Sewer    | Reached XP level 4. HP: 37/48 MP: 5/5
  1990 | D:3      | Reached skill level 2 in Invocations
  2760 | D:1      | Reached XP level 5. HP: 54/54 MP: 6/6
  2830 | D:1      | Reached skill level 4 in Maces & Flails
  2949 | D:1      | Found a faded altar of an unknown god.
  3007 | D:1      | Reached ** piety under Qazlal
  4439 | D:4      | Reached skill level 3 in Invocations
  4587 | D:4      | Found a runed translucent gate.
  4587 | D:4      | Found a runed translucent gate.
  4589 | D:4      | Found a runed translucent gate.
  4691 | D:4      | Reached XP level 6. HP: 54/62 MP: 8/8
  4705 | D:4      | Noticed sirJeffrey23's ghost (amateur MfGl)
  5270 | D:5      | HP: 6/62 [ogre/+0 giant club (32)]
  5272 | D:5      | Reached skill level 5 in Maces & Flails
  6003 | D:4      | Reached skill level 4 in Invocations
  6003 | D:4      | Reached XP level 7. HP: 44/70 MP: 8/10
  6154 | D:5      | Reached skill level 6 in Maces & Flails
  6329 | D:5      | Reached *** piety under Qazlal
  6330 | D:5      | Reached skill level 5 in Invocations
  6556 | D:5      | Reached skill level 6 in Invocations
  6620 | D:5      | Reached XP level 8. HP: 59/78 MP: 11/13
  6689 | D:5      | Reached skill level 7 in Invocations
  6793 | D:5      | Identified the +1 leather armour "Tuazxel" {Int+3}
  6803 | D:5      | Found a shimmering blue altar of Sif Muna.
  6933 | D:5      | Found a white marble altar of Elyvilon.
  7130 | D:6      | Reached skill level 8 in Invocations
  7279 | D:6      | Found a staircase to the Ecumenical Temple.
  7303 | D:6      | Found a hazy altar of Hepliaklqana.
  7305 | D:6      | Found a shadowy altar of Dithmenos.
  7308 | D:6      | Noticed a shadow
  7535 | D:6      | Reached skill level 9 in Invocations
  7746 | D:6      | Found a sacrificial altar of Ru.
  7757 | D:6      | Learned a level 4 spell: Olgreb's Toxic Radiance
  7760 | D:6      | Learned a level 2 spell: Poisonous Vapours
  7877 | D:7      | Reached skill level 1 in Poison Magic
  7877 | D:7      | Reached XP level 9. HP: 65/84 MP: 14/16
  7976 | D:7      | Found Laubiat's Armour Shop.
  8220 | D:7      | Reached skill level 2 in Poison Magic
  8435 | D:7      | Reached skill level 3 in Poison Magic
  8768 | D:7      | Reached skill level 7 in Maces & Flails
  8768 | D:7      | Reached skill level 10 in Invocations
  8841 | D:7      | Found a radiant altar of Vehumet.
  8873 | D:7      | Found a broken altar of Ashenzari.
  9051 | D:8      | Noticed a troll
  9220 | D:8      | Killed a troll
  9415 | D:8      | Reached skill level 4 in Poison Magic
  9425 | D:8      | Found a staircase to the Lair.
  9432 | D:8      | Reached **** piety under Qazlal
  9458 | D:8      | Reached XP level 10. HP: 35/92 MP: 17/17
  9690 | D:8      | Found a sparkling altar of Nemelex Xobeh.
  9690 | D:8      | Noticed a two-headed ogre
  9719 | D:7      | Reached skill level 8 in Maces & Flails
  9719 | D:7      | Reached skill level 5 in Poison Magic
  9830 | D:8      | Identified the staff of air "Taheato" {rElec rCorr}
 10060 | D:8      | Noticed a manticore
 10064 | D:8      | Identified a +0 robe of the Archmagi
 10598 | D:8      | Killed a manticore
 10686 | D:7      | HP: 6/92 [two-headed ogre/+0 giant club (25)]
 10770 | D:7      | Killed a two-headed ogre
 10771 | D:7      | Reached skill level 6 in Poison Magic
 11620 | D:9      | Found Waly's Distillery.
 11624 | D:9      | Bought a potion of lignification for 39 gold pieces
 11624 | D:9      | Bought a potion of curing for 39 gold pieces
 11624 | D:9      | Bought a potion of flight for 39 gold pieces
 11624 | D:9      | Bought a potion of degeneration for 13 gold pieces
 11635 | D:8      | Slain by a slime creature

Vanquished Creatures
  A two-headed ogre (D:7)
  A manticore (D:8)
  A troll (D:8)
  A wyvern (D:7)
  2 steam dragons
  3 water moccasins
  An ice beast (D:7)
  A sky beast (D:6)
  A black bear (D:7)
  7 ogres
  5 wolves (D:8)
  3 centaurs
  A kobold brigand (D:5)
  A phantom (D:5)
  A scorpion (D:6)
  3 wights (D:7)
  4 killer bees
  3 howler monkeys (D:5)
  2 electric eels (D:8)
  A jelly (D:6)
  2 orc priests (D:8)
  4 hounds
  4 iguanas
  7 orc wizards
  3 sleepcaps (D:6)
  A river rat (Sewer)
  11 adders
  2 ufetubi
  8 worms
  24 orcs
  8 bats
  7 endoplasms
  5 giant cockroaches
  10 goblins
  5 hobgoblins
  7 jackals (D:3)
  A quokka (D:2)
  9 ball pythons
  12 kobolds
  9 rats
182 creatures vanquished.

Table legend: (Time is in decaauts)
 A = Elapsed time spent in this place.
 B = Non-inter-level travel time spent in this place.
 C = Inter-level travel time spent in this place.
 D = Time resting spent in this place.
 E = Time spent auto-exploring this place.
 F = Levels seen in this place.
 G = Mean time per level.
                   A        B        C        D        E       F      G
               +--------+--------+--------+--------+--------+-----+--------+
         Total |  11694 |  10983 |    711 |   2354 |   5555 |  10 | 1169.4 |
       Dungeon |  10946 |  10235 |    711 |   2132 |   5254 |   9 | 1216.2 |
         Sewer |    748 |    748 |      0 |    222 |    301 |   1 |  748.0 |
               +--------+--------+--------+--------+--------+-----+--------+

Top non-repeatable levels by time:
     D:7: 1760 daAuts
     D:5: 1734 daAuts
     D:4: 1668 daAuts
     D:8: 1609 daAuts
     D:3: 1293 daAuts
     D:6: 1189 daAuts
     D:2: 984 daAuts
   Sewer: 748 daAuts
     D:1: 699 daAuts
     D:9: 7 daAuts

Table legend:
 A = Non-vault XP
 B = Vault XP
 C = Vault XP percentage of total XP
 D = Non-vault monster count
 E = Vault monster count
 F = Vault count percentage of total count
                 A         B        C        D         E       F
            +---------+---------+-------+---------+---------+-------
      Total |    4331 |    2731 |  38.7 |     148 |      34 |  18.7
            +---------+---------+-------+---------+---------+-------
        D:1 |      33 |       0 |   0.0 |      22 |       0 |   0.0
        D:2 |      77 |       0 |   0.0 |      21 |       0 |   0.0
        D:3 |      75 |      10 |  11.8 |      23 |       2 |   8.0
        D:4 |      74 |     116 |  61.1 |       8 |       1 |  11.1
        D:5 |     880 |     238 |  21.3 |      20 |       2 |   9.1
        D:6 |     539 |       0 |   0.0 |      14 |       0 |   0.0
        D:7 |    1415 |    1107 |  43.9 |      16 |       3 |  15.8
        D:8 |    1238 |    1207 |  49.4 |      24 |      11 |  31.4
      Sewer |       0 |      53 | 100.0 |       0 |      15 | 100.0
            +---------+---------+-------+---------+---------+-------
